 Dungeon Crawl Stone Soup version 0.30-a0-652-gcc886f7154 (webtiles) character file.

Game seed: 10346043189668924536

649 Leeroy the Slasher (level 7, -4/40 HPs)
             Began as a Tengu Warper on Jan 17, 2023.
             Slain by an iguana (7 damage)
             ... on level 4 of the Dungeon.
             The game lasted 00:07:09 (3405 turns).

Leeroy the Slasher (Tengu Warper)                   Turns: 3405, Time: 00:07:09

Health: -4/40      AC:  4    Str: 11    XL:     7   Next: 53%
Magic:  15/15      EV: 14    Int: 14    God:
Gold:   166        SH:  0    Dex: 15    Spells: 8/16 levels left

rFire   . . .      SeeInvis .    z - +0 long sword (drain)
rCold   . . .      Faith    .    (no shield)
rNeg    . . .      Spirit   .    b - +0 leather armour
rPois   .          Reflect  .    (helmet restricted)
rElec   .          Harm     .    p - +0 cloak
rCorr   .          Rampage  .    (no gloves)
Will    +....                    (boots unavailable)
Stlth   +                        (no amulet)
HPRegen 0.26/turn                o - ring of willpower
MPRegen 0.14/turn                (no ring)

@: flying quickly and evasively, quick
A: beak, talons 3, nimble flight
a: no special abilities


You were on level 4 of the Dungeon.
You visited 1 branch of the dungeon, and saw 4 of its levels.

You collected 166 gold pieces.

Inventory:

Hand Weapons
 a - a +0 falchion
 q - a +0 rapier
 z - a +0 long sword of draining (weapon)
Missiles
 d - 7 boomerangs of dispersal
 v - a boomerang
 w - a poisoned dart (quivered)
 y - 6 javelins
Armour
 b - a +0 leather armour (worn)
 m - the +2 robe of the Bagpipe {rElec rCorr Dex-4 Stlth+}
   (You found it on level 2 of the Dungeon)

   Dex:       It affects your dexterity (-4).
   rElec:     It insulates you from electricity.
   rCorr:     It protects you from acid and corrosion.
   Stlth:     It makes you more stealthy.
 n - a +0 cloak
 p - a +0 cloak (worn)
Jewellery
 o - a ring of willpower (left hand)
Scrolls
 e - a scroll of noise
 i - 2 scrolls of magic mapping
 t - a scroll of identify {unknown}
 A - a scroll of enchant weapon {unknown}
Potions
 f - a potion of heal wounds
 h - a potion of flight {unknown}
 j - a potion of berserk rage {unknown}
 k - a potion of attraction
 l - a potion of mutation {unknown}
 u - a potion of haste {unknown}
 x - a potion of resistance {unknown}
 B - a potion of curing {unknown}
 C - a potion of might {unknown}


   Skills:
 - Level 2.0 Fighting
 - Level 6.0 Long Blades
 - Level 1.0 Throwing
 - Level 1.1 Armour
 - Level 2.1 Dodging
 - Level 5.0 Spellcasting
 - Level 2.4 Translocations
 + Level 4.0 Air Magic


You had 8 spell levels left.
You knew the following spells:

 Your Spells              Type           Power      Damage    Failure   Level
a - Blink                 Tloc           20%        N/A       13%         2
b - Vhi's Electric Charg  Tloc/Air       24%        N/A       19%         3
c - Mephitic Cloud        Conj/Pois/Air  7%         N/A       36%         3

Your spell library contained the following spells:

 Spells                   Type           Power      Damage    Failure   Level
 Lesser Beckoning         Tloc           20%        N/A       13%         2
 Poisonous Vapours        Pois/Air       18%        N/A       16%         2
 Cigotuvi's Dreadful Rot  Necr/Pois/Air  14%        N/A       21%         2
 Sting                    Tmut/Pois      12%        1d3       22%         1
 Teleport Other           Tloc           10%        N/A       26%         3
 Frozen Ramparts          Ice            6%         1d1       56%         3
 Ignite Poison            Fire/Tmut/Pois 3%         N/A       56%         3
 Manifold Assault         Tloc           10%        N/A       63%         4
 Ice Form                 Ice/Tmut       3%         N/A       92%         4
 Leda's Liquefaction      Hex/Erth       1%         N/A       92%         4
 Olgreb's Toxic Radiance  Pois           3%         N/A       92%         4
 Sticky Flame             Conj/Fire      3%         2d3       92%         4
 Summon Ice Beast         Ice/Summ       3%         N/A       92%         4
 Arcjolt                  Conj/Air       4%         1d14      95%         5
 Lee's Rapid Deconstruct  Erth           1%         3d4*      99%         5
 Statue Form              Tmut/Erth      2%         N/A       100%        6
 Ignition                 Fire           1%         3d3       100%        8
 Maxwell's Capacitive Co  Air            7%         ∞         100%        8


Dungeon Overview and Level Annotations

Branches:
Dungeon (4/15)
 Temple: D:4-7

Altars:
Elyvilon
Kikubaaqudgha
Okawaru
Sif Muna
Vehumet


Innate Abilities, Weirdness & Mutations

You have a beak for a mouth.
You have claws for feet.
Your magical nature lets you fly swiftly and evasively.


Message History

You kill the kobold!
The water moccasin barely misses you.
You closely miss the water moccasin. You claw the water moccasin.
You peck the water moccasin, but do no damage.
The water moccasin is heavily wounded.
The water moccasin barely misses you.
You closely miss the water moccasin. You claw the water moccasin.
You peck the water moccasin.
The water moccasin is severely wounded.
The water moccasin bites you. The water moccasin closely misses you.
You barely miss the water moccasin.
You claw the water moccasin, but do no damage.
The water moccasin is severely wounded.
The water moccasin bites you.
You are poisoned.
The water moccasin poisons you!
You slash the water moccasin!
You kill the water moccasin!
You feel very sick.
Your Air Magic skill gained 2 levels and is now at level 4!
You feel sick.
You feel sick.
You feel sick.
You feel sick.
You feel sick.
You feel sick.
The gnoll shouts!
You hit the iguana. You peck the iguana.
The iguana is heavily wounded.
You feel sick. The iguana bites you!
* * * LOW HITPOINT WARNING * * *
The iguana barely misses you.
The gnoll shouts!
You hit the iguana but do no damage. You claw the iguana.
You peck the iguana, but do no damage.
The iguana is severely wounded.
You feel sick.
You are no longer poisoned.
The iguana bites you!
You die...

##########.#
##.........○##
##....○.....°°#
##....._°○°.○.##
##....°○......○#
#.....○.○○⌠.°..#
#.......○°..°).#
*#....°...°._l°#
##...°g.g.○°@.#
##...°..○....#
###..°○...○°##
####.......○...#
###.......###○..°#
#.†.....### ####.#
.....#### #○#
...### #.# .###
*.#


You could see an iguana and 2 gnolls.

Vanquished Creatures
  A water moccasin (D:4)
  A black bear (D:4)
  An ogre (D:4)
  2 phantoms
  A scorpion (D:4)
  An orc priest (D:3)
  4 adders
  2 worms
  5 dart slugs
  9 orcs (D:3)
  7 ball pythons
  6 bats
  8 endoplasms
  2 giant cockroaches
  6 hobgoblins
  4 quokkas
  A frilled lizard (D:3)
  9 goblins
  10 kobolds
  8 rats
88 creatures vanquished.

Notes
Turn   | Place    | Note
-------+----------+-------------------------------------------
     0 | D:1      | Leeroy the Tengu Warper began the quest for the Orb.
     0 | D:1      | Reached XP level 1. HP: 12/12 MP: 4/4
    45 | D:1      | Found a faded altar of an unknown god.
   167 | D:1      | Reached XP level 2. HP: 17/17 MP: 6/6
   170 | D:1      | Learned a level 2 spell: Blink
   206 | D:1      | Reached skill level 3 in Long Blades
   556 | D:1      | Reached XP level 3. HP: 21/21 MP: 7/7
   562 | D:1      | Learned a level 3 spell: Vhi's Electric Charge
   900 | D:2      | Reached skill level 4 in Long Blades
   988 | D:2      | Identified the +2 robe of the Bagpipe {rElec rCorr Dex-4
                  | Stlth+}
  1191 | D:2      | Reached XP level 4. HP: 26/26 MP: 8/8
  1476 | D:2      | Reached skill level 5 in Long Blades
  2044 | D:3      | Found a radiant altar of Vehumet.
  2131 | D:3      | Gained mutation: Your magical nature lets you fly swiftly
                  | and evasively. [Tengu growth]
  2131 | D:3      | Reached XP level 5. HP: 19/30 MP: 9/9
  2388 | D:3      | Reached skill level 6 in Long Blades
  2392 | D:3      | Learned a level 3 spell: Mephitic Cloud
  2552 | D:4      | Noticed a phantom
  2559 | D:3      | Killed a phantom
  2560 | D:3      | Reached XP level 6. HP: 31/35 MP: 9/11
  2758 | D:4      | Noticed a black bear
  2781 | D:4      | Killed a black bear
  2828 | D:4      | Found a white marble altar of Elyvilon.
  2908 | D:4      | Noticed a water moccasin
  2960 | D:4      | Found an iron altar of Okawaru.
  3107 | D:4      | Reached skill level 5 in Spellcasting
  3107 | D:4      | Reached XP level 7. HP: 15/40 MP: 13/15
  3319 | D:4      | Found an ancient bone altar of Kikubaaqudgha.
  3320 | D:4      | Found a shimmering blue altar of Sif Muna.
  3405 | D:4      | Slain by an iguana

Illustrated notes

Levels and vault maps discovered:
D:1:      dpeg_arrival_signposts, layout_loops_ring, basic_ecumenical_altar,
          minmay_bisected
D:2:      minmay_thinvault, layout_loops_cross
D:3:      layout_loops_ring, nicolae_vehumet_altar_sigil
D:4:      layout_cave_pods, grunt_temple_overflow_open, minitemple

Skill      XL: |  1  2  3  4  5  6  7 |
---------------+----------------------+-----
Long Blades    | 3 4 5 6 |  6.0
Spellcasting   | 3 5 |  5.0
Air Magic      | 4 |  4.0
Fighting       | |  2.0
Throwing       | |  1.0
Armour         | |  1.1
Dodging        | |  2.1
Translocations | |  2.4

Action                   |  1- 3 |  4- 6 |  7- 9 || total
-------------------------+-------+-------+-------++-------
Melee: Falchion          |    70 |   103 |       ||   173
       Kick              |    10 |    30 |     7 ||    47
       Peck              |     9 |    14 |     7 ||    30
       Punch             |       |     3 |       ||     3
       Long sword        |       |    22 |    27 ||    49
Throw: Dart              |       |     3 |       ||     3
  Use: Scroll            |       |       |     5 ||     5
       Potion            |       |       |     3 ||     3
Armor: Leather armour    |    19 |    19 |     4 ||    42
Dodge: Dodged            |    40 |    68 |    20 ||   128

Table legend: (Time is in decaauts)
 A = Elapsed time spent in this place.
 B = Non-inter-level travel time spent in this place.
 C = Inter-level travel time spent in this place.
 D = Time resting spent in this place.
 E = Time spent auto-exploring this place.
 F = Levels seen in this place.
 G = Mean time per level.
                   A        B        C        D        E       F      G
               +--------+--------+--------+--------+--------+-----+--------+
         Total |   3342 |   3239 |    103 |      0 |   2560 |   4 |  835.5 |
       Dungeon |   3342 |   3239 |    103 |      0 |   2560 |   4 |  835.5 |
               +--------+--------+--------+--------+--------+-----+--------+

Top non-repeatable levels by time:
     D:2: 1017 daAuts
     D:1: 822 daAuts
     D:3: 817 daAuts
     D:4: 685 daAuts
